[Event "Team 45 45 League T65"]
[Site "Internet Chess Club"]
[Date "2015.07.09"]
[Round "6"]
[White "RazorBladeTeddy"]
[Black "Gilligan"]
[Result "1/2-1/2"]
[WhiteElo "1966"]
[BlackElo "2043"]
[Opening "Catalan: closed, 5.Nf3"]
[ECO "E06"]
[Time "18:00:12"]
[TimeControl "2700+45"]

1. d4 d5 2. c4 e6 3. Nf3 Nf6 4. g3 Be7 5. Bg2 O-O 6. O-O dxc4 7. Qc2 a6 8. Qxc4
b5 9. Qc2 Bb7 10. Bd2 Be4 11. Qb3 Bd5 12. Qe3 Bb7 13. Rc1 b4 14. Be1 Nbd7 15.
Nbd2 Nd5 16. Qd3 c5 17. e4 N5b6 18. h4 cxd4 19. Qxd4 Nc5 20. Qxd8 Rfxd8 21. Nc4
Nxc4 22. Rxc4 a5 23. Ne5 f6 24. Ng4 Ba6 25. Rcc1 Rac8 26. Ne3 Kf7 27. Rd1 Be2
28. Rd2 Rxd2 29. Bxd2 Rd8 30. Be1 Nd3 31. Rb1 Bc5 32. Nf1 Nxe1 33. Rxe1 Bxf1 34.
Kxf1 Rd2 35. Re2 Rd1+ 36. Re1 {Game drawn by mutual agreement} 1/2-1/2

[Event "Team 45 45 League T65"]
[Site "Internet Chess Club"]
[Date "2015.07.13"]
[Round "6"]
[White "Regista"]
[Black "JJ12"]
[Result "1/2-1/2"]
[WhiteElo "2200"]
[BlackElo "2069"]
[Opening "Réti opening"]
[ECO "A05"]
[Time "15:00:34"]
[TimeControl "2700+45"]

1. Nf3 Nf6 2. g3 d5 3. Bg2 c6 4. O-O Bf5 5. c4 e6 6. d3 h6 7. Be3 Nbd7 8. Qb3
Qc8 9. Nc3 Be7 10. Rac1 O-O 11. Nd4 dxc4 12. Nxf5 exf5 13. Qxc4 Ng4 14. Bf4 Nb6
15. Qb3 Qe6 16. d4 Qxb3 17. axb3 Rfd8 18. Rfd1 Rac8 19. d5 cxd5 20. Nxd5 Nxd5
21. Rxc8 Rxc8 22. Bxd5 Rd8 23. Bc7 Rc8 24. Bf4 Rd8 25. Bc7 Rc8 {Game drawn by
mutual agreement} 1/2-1/2

[Event "Team 45 45 League T65"]
[Site "Internet Chess Club"]
[Date "2015.07.10"]
[Round "6"]
[White "junard"]
[Black "Pomberito"]
[Result "0-1"]
[WhiteElo "1969"]
[BlackElo "2039"]
[Opening "Dutch defense"]
[ECO "A81"]
[Time "18:05:54"]
[TimeControl "2700+45"]

1. d4 f5 2. g3 g6 3. Bg2 Bg7 4. Nf3 Nf6 5. O-O O-O 6. b3 d6 7. Bb2 c6 8. Nbd2 a5
9. a4 Qe8 10. Nc4 Be6 11. Nfd2 Nbd7 12. e3 Qb8 13. Qe2 d5 14. Ne5 Qc7 15. c4
Nxe5 16. dxe5 Ne4 17. cxd5 cxd5 18. Nf3 Qb6 19. Qd3 Nc5 20. Qd4 Ra6 21. Ba3 Ne4
22. Bxe7 Re8 23. Ba3 Qxb3 24. Rfb1 Qc2 25. Rb2 Qc6 26. Rab1 Raa8 27. Rxb7 Nc3
28. Qb6 Qxb6 29. R1xb6 Nxa4 30. Rc6 Rac8 31. Ra6 Nc5 32. Bxc5 Rxc5 33. Raa7 Bf8
34. h4 Rc1+ 35. Kh2 Rc2 36. Nd4 Rxf2 37. Kg1 Rd2 38. Nxe6 Rxe6 39. Rb8 Rxe5 40.
Raa8 Rxe3 41. Rxf8+ Kg7 42. Rfe8 Rxg3 43. Ra7+ Kh6 44. Ree7 Rgxg2+ 45. Kf1 Kh5
46. Rxh7+ Kg4 47. Rag7 Kf3 48. Re7 Rdf2+ {White resigns} 0-1

[Event "Team 45 45 League T65"]
[Site "Internet Chess Club"]
[Date "2015.07.09"]
[Round "6"]
[White "f5"]
[Black "SlimeDog2"]
[Result "0-1"]
[WhiteElo "2071"]
[BlackElo "2036"]
[Opening "Trompowsky attack (Ruth, Opocenský opening)"]
[ECO "A45"]
[Time "23:00:39"]
[TimeControl "2700+45"]

1. d4 Nf6 2. Bg5 Ne4 3. Bf4 d5 4. f3 Nf6 5. e4 dxe4 6. Nc3 exf3 7. Nxf3 e6 8.
Bc4 a6 9. Qe2 Bb4 10. O-O O-O 11. Ne4 Nd5 12. Bg3 b5 13. Bd3 Be7 14. c3 Nd7 15.
Rad1 Bb7 16. Kh1 c5 17. dxc5 Nxc5 18. Nxc5 Bxc5 19. Bb1 Qe7 20. Bh4 Qc7 21.
Bxh7+ Kxh7 22. Ng5+ Kh6 23. Qd3 f5 24. Nxe6 Qc6 25. Bg5+ Kg6 26. Nxf8+ Rxf8 27.
Qg3 Kh7 28. Qh3+ Kg8 29. Rxf5 Re8 30. Qg3 Qg6 31. Re5 Rxe5 32. Qxe5 Bd6 33. Qe2
Qxg5 34. Qe6+ Kh7 35. Qh3+ Qh6 36. Qf5+ Qg6 37. Qh3+ Kg8 38. Qf3 Qe6 39. Rf1 Qe5
40. Qh3 Nf4 {White resigns} 0-1

[Event "Team 45 45 League T65"]
[Site "Internet Chess Club"]
[Date "2015.07.11"]
[Round "6"]
[White "HumanTornado"]
[Black "CHENENE"]
[Result "0-1"]
[WhiteElo "1898"]
[BlackElo "2164"]
[Opening "Sicilian defense"]
[ECO "B40"]
[Time "10:02:08"]
[TimeControl "2700+45"]

1. e4 c5 2. Nf3 e6 3. c4 Nc6 4. d4 cxd4 5. Nxd4 Nf6 6. Nc3 d6 7. Be2 Be7 8. O-O
O-O 9. Be3 a6 10. f4 e5 11. Nxc6 bxc6 12. fxe5 dxe5 13. Qxd8 Rxd8 14. Rad1 Be6
15. h3 Bb4 16. Rxd8+ Rxd8 17. Rc1 h6 18. b3 Kf8 19. g4 Ke7 20. Kg2 Bxc3 21. Rxc3
Nxe4 22. Rc1 Rd7 23. Rc2 f5 24. Bf3 Rd3 25. Bc1 Nf6 26. gxf5 Bxf5 27. Rd2 Bxh3+
28. Kxh3 Rxf3+ 29. Kg2 e4 30. Ba3+ Ke6 31. Rd6+ Kf5 32. Rxc6 h5 33. Rc7 g5 34.
Bb2 Rd3 35. Bxf6 Kxf6 36. Rc6+ Kf5 37. Rxa6 h4 38. c5 g4 39. c6 Rc3 40. b4 Rc2+
41. Kg1 h3 42. Ra5+ Kf4 43. Rc5 h2+ 44. Kh1 Rxc5 45. bxc5 e3 46. c7 e2 {White
resigns} 0-1

[Event "Team 45 45 League T65"]
[Site "Internet Chess Club"]
[Date "2015.07.10"]
[Round "6"]
[White "Zkid"]
[Black "qlwqznzn"]
[Result "1-0"]
[WhiteElo "2298"]
[BlackElo "2255"]
[Opening "Sicilian: Najdorf, Byrne (English) attack"]
[ECO "B90"]
[Time "09:00:38"]
[TimeControl "2700+45"]

1. e4 c5 2. Nf3 d6 3. d4 cxd4 4. Nxd4 Nf6 5. Nc3 a6 6. Be3 e5 7. Nf3 h6 8. Bc4
Qc7 9. Bb3 b5 10. Rc1 Bb7 11. O-O Nbd7 12. Nd5 Nxd5 13. Bxd5 Nf6 14. c4 Nxd5 15.
cxd5 Qd7 16. Bb6 Rc8 17. Qd2 Be7 18. Rxc8+ Bxc8 19. Rc1 Bd8 20. Qc3 O-O 21. Qxc8
Qxc8 22. Rxc8 Bxb6 23. Rc6 Bc5 24. Kf1 f5 25. Nd2 Bb4 26. Ke2 a5 27. exf5 Bxd2
28. Kxd2 Rxf5 29. Ke3 Rf4 30. Rxd6 Rd4 31. g3 Kf7 32. f4 Rb4 33. fxe5 Rxb2 34.
Rd7+ Ke8 35. Rxg7 Rxa2 36. d6 Ra1 37. Ke4 Rd1 38. Kf5 a4 39. Kf6 a3 40. e6 Rf1+
41. Kg6 {Black resigns} 1-0

[Event "Team 45 45 League T65"]
[Site "Internet Chess Club"]
[Date "2015.07.12"]
[Round "6"]
[White "Froggy"]
[Black "Ohanessian"]
[Result "1-0"]
[WhiteElo "2080"]
[BlackElo "1926"]
[Opening "Alekhine's defense: modern, fianchetto variation"]
[ECO "B04"]
[Time "22:00:46"]
[TimeControl "2700+45"]

1. e4 Nf6 2. e5 Nd5 3. d4 d6 4. Nf3 g6 5. Bc4 dxe5 6. Nxe5 Be6 7. O-O Bg7 8. Bb3
c6 9. c4 Nc7 10. Bf4 O-O 11. h3 Nd7 12. Nf3 Nf6 13. Nc3 h6 14. Qd2 g5 15. Bh2 a5
16. Qd3 Qd7 17. Bc2 Rfd8 18. Be5 Nce8 19. Ne2 b5 20. b3 a4 21. Ng3 Kf8 22. Rac1
axb3 23. axb3 Ra2 24. Nd2 Rda8 25. f4 bxc4 26. bxc4 R8a3 27. Nb3 Bxh3 28. fxg5
hxg5 29. gxh3 Qxh3 30. Qf3 g4 31. Qh1 Rxc2 32. Qxh3 gxh3 33. Rxc2 Rxb3 34. Rcf2
Bh6 35. Nf5 Bg5 36. Rf3 Rb4 37. c5 Ng4 38. Rxh3 f6 39. Bf4 Bxf4 40. Rxf4 Ne5 41.
Rf1 Nf7 42. Re3 Rb7 43. Re6 Rc7 44. Rfe1 Ng5 45. R6e3 e6 46. Ng3 Rd7 47. Ne2 Ng7
48. Rf1 Nf5 49. Rd3 Ne4 50. Rfd1 Kf7 51. Nf4 Ng5 52. Kg2 Nh4+ 53. Kf2 Nf5 54.
Kg2 Nh4+ 55. Kf2 Nf5 56. Ne2 Ne4+ 57. Kf3 Ng5+ 58. Kg2 Nh4+ 59. Kf2 Nf5 60. Ng3
Nh3+ 61. Kf3 Ng5+ 62. Kg4 Nxg3 63. Kxg3 Ne4+ 64. Kf3 f5 65. Ke3 Kf6 66. Rh1 Rg7
67. Rh6+ Ke7 68. Kf4 Nf6 69. Rg3 Rf7 70. Ra3 Rg7 71. Ra7+ Nd7 72. Rc7 Rg4+ 73.
Ke3 Rg3+ 74. Kd2 Rg7 75. Rxc6 {Black resigns} 1-0

[Event "Team 45 45 League T65"]
[Site "Internet Chess Club"]
[Date "2015.07.12"]
[Round "6"]
[White "zigzag2002"]
[Black "gump12345"]
[Result "1-0"]
[WhiteElo "2183"]
[BlackElo "2017"]
[Opening "QGD Slav: 4.Nc3"]
[ECO "D15"]
[Time "12:00:30"]
[TimeControl "2700+45"]

1. d4 d5 2. c4 c6 3. Nf3 Nf6 4. Nc3 Bf5 5. Nh4 Be4 6. f3 Bg6 7. Nxg6 hxg6 8. e3
e6 9. g3 Bd6 10. f4 Nbd7 11. c5 Be7 12. b4 Ne4 13. Nxe4 dxe4 14. Qc2 Nf6 15. Bd2
Qd5 16. Bg2 g5 17. O-O-O g4 18. h3 gxh3 19. Rxh3 Rxh3 20. Bxh3 O-O-O 21. Bg2 Rh8
22. Rh1 Rxh1+ 23. Bxh1 Qf5 24. Qd1 g5 25. a4 gxf4 26. gxf4 Qh7 27. b5 Nd5 28.
Bg2 f5 29. bxc6 bxc6 30. Bf1 Nc7 31. Bc4 Qg6 32. Qb3 Bh4 33. a5 Bf2 34. a6 Kd7
35. Kc2 Qg2 36. Kb1 Qg1+ 37. Ka2 Qg2 38. Ka3 Qg1 39. Ka2 Qg2 40. Qb2 Bg1 41. Ka3
Qf2 42. Kb3 Qf3 43. Qc1 Bh2 44. Ka4 Qf2 45. Ba5 Bg1 46. Bxc7 Kxc7 47. Qb1 Qxe3
48. Qb7+ Kd8 49. Qb8+ Ke7 50. Qd6+ Ke8 51. Qxe6+ Kd8 52. Qd6+ Ke8 53. Qxc6+ Kd8
54. Qf6+ {Black resigns} 1-0

[Event "Team 45 45 League T65"]
[Site "Internet Chess Club"]
[Date "2015.07.12"]
[Round "6"]
[White "ArturitoGalacti"]
[Black "juniorVishy"]
[Result "1/2-1/2"]
[WhiteElo "1960"]
[BlackElo "2038"]
[Opening "English: Caro-Kann defensive system"]
[ECO "A11"]
[Time "19:09:40"]
[TimeControl "2700+45"]

1. c4 c6 2. g3 d5 3. Bg2 Nf6 4. Nf3 Bf5 5. d4 e6 6. Nbd2 h6 7. O-O Nbd7 8. b3
Be7 9. Bb2 O-O 10. Ne5 a5 11. Re1 a4 12. e4 dxe4 13. Nxe4 Bxe4 14. Bxe4 Bb4 15.
Nxd7 Qxd7 16. Re3 a3 17. Bc1 e5 18. d5 Nxe4 19. Rxe4 cxd5 20. Qxd5 Qxd5 21. cxd5
Bc3 22. Rb1 Rfd8 23. Ra4 Rxa4 24. bxa4 Rxd5 25. Bxa3 Rd2 26. Bb4 Bxb4 27. Rxb4
Rxa2 28. Rxb7 Rxa4 29. Re7 Ra5 30. Kg2 Kf8 31. Rb7 Ra6 32. Kf3 Rf6+ 33. Ke3 g5
34. Rb5 Rf5 35. f3 Kg7 36. Ke4 Rf6 37. Rxe5 Kg6 38. Rb5 Re6+ {Game drawn by
mutual agreement} 1/2-1/2

[Event "Team 45 45 League T65"]
[Site "Internet Chess Club"]
[Date "2015.07.13"]
[Round "6"]
[White "rook9999"]
[Black "xwang1"]
[Result "1-0"]
[WhiteElo "1951"]
[BlackElo "2040"]
[Opening "Sicilian: Kan, Maróczy bind (Réti variation)"]
[ECO "B41"]
[Time "21:31:08"]
[TimeControl "2700+45"]

1. e4 c5 2. Nf3 e6 3. d4 cxd4 4. Nxd4 a6 5. c4 Nf6 6. Nc3 Bb4 7. Qf3 d5 8. exd5
O-O 9. Bg5 exd5 10. Bxf6 Qxf6 11. Qxf6 gxf6 12. cxd5 Rd8 13. O-O-O Bxc3 14. bxc3
Rxd5 15. Bd3 Bd7 16. Be4 Rc5 17. Kb2 Ba4 18. Rd3 Nd7 19. Rg3+ Rg5 20. f4 Rxg3
21. hxg3 Nf8 22. Ka3 Bd7 23. Bxb7 Rb8 24. Be4 Ng6 25. Nb3 Re8 26. Nc5 Bg4 27.
Kb4 f5 28. Bd5 Rb8+ 29. Bb7 Be2 30. Ka5 Bc4 31. a4 Ne7 32. Rd1 f6 33. Rd6 Kg7
34. Bxa6 Bxa6 35. Nxa6 Rb2 36. Nc5 Rxg2 37. Rd3 Rb2 38. Ka6 h5 39. a5 Kf7 40.
Rd7 Ke8 41. Rb7 Ra2 42. Kb6 Nc8+ 43. Kc6 Ne7+ 44. Kd6 Nc8+ 45. Ke6 Rxa5 46. Rh7
{Black resigns} 1-0

[Event "Team 45 45 League T65"]
[Site "Internet Chess Club"]
[Date "2015.07.09"]
[Round "6"]
[White "charles-allen"]
[Black "vjbaker"]
[Result "0-1"]
[WhiteElo "1815"]
[BlackElo "1823"]
[Opening "Sicilian defense"]
[ECO "B30"]
[Time "19:01:59"]
[TimeControl "2700+45"]

1. e4 c5 2. Nf3 Nc6 3. c3 d5 4. exd5 Qxd5 5. d4 g6 6. Be3 Bg7 7. dxc5 Qxd1+ 8.
Kxd1 Bg4 9. Nd2 O-O-O 10. Be2 Nf6 11. Ng5 Rdf8 12. Nge4 Nxe4 13. Nxe4 Rd8+ 14.
Nd2 Bf5 15. g4 Be4 16. f3 Bd5 17. Kc2 Ne5 18. Rhf1 f5 19. h3 Rhf8 20. Bd4 Bf6
21. f4 Nd7 22. Bxf6 Nxf6 23. Rad1 Bg2 24. Rf2 Bxh3 25. g5 Nd5 26. Nc4 Kc7 27.
Rh1 Bg4 28. Rxh7 Rh8 29. Rg7 Rde8 30. Kd3 Rh3+ 31. Kd4 Rd8 32. Ke5 Rh1 33. Nd6
Kc6 34. Bb5+ Kxc5 35. Nxb7+ Kxb5 36. Nxd8 Rd1 37. Rxg6 Nc7 38. c4+ Ka4 39. Rc6
Ne8 40. Ne6 Nd6 41. Ra6+ Kb4 42. a3+ Kxc4 43. Nd4 Re1+ 44. Ne2 Bxe2 45. Ra4+ Kc5
46. Rxa7 Bc4+ {White resigns} 0-1

[Event "Team 45 45 League T65"]
[Site "Internet Chess Club"]
[Date "2015.07.08"]
[Round "6"]
[White "Heian"]
[Black "chessabc"]
[Result "1-0"]
[WhiteElo "1823"]
[BlackElo "1829"]
[Opening "Alekhine's defense: Krejcik variation"]
[ECO "B02"]
[Time "21:03:32"]
[TimeControl "2700+45"]

1. e4 Nf6 2. Bc4 Nxe4 3. Bxf7+ Kxf7 4. Qh5+ g6 5. Qd5+ e6 6. Qxe4 Bg7 7. Nf3 d5
8. Qf4+ Bf6 9. O-O Rf8 10. Qh6 Kg8 11. d4 Bg7 12. Qe3 Nc6 13. c3 Qf6 14. Nbd2
Bd7 15. Nb3 b6 16. Nbd2 Qf4 17. Qxf4 Rxf4 18. Re1 Raf8 19. Nf1 R4f5 20. Ng3 R5f7
21. Bd2 a5 22. Re2 Re8 23. Rae1 h6 24. h3 Bc8 25. Nf1 Rfe7 26. Bf4 Ba6 27. Re3
Bc8 28. N1h2 g5 29. Bg3 Rf7 30. Ng4 Kh7 31. Nge5 Nxe5 32. Bxe5 c5 33. Bxg7 Kxg7
34. Re5 Rd8 35. h4 gxh4 36. Nxh4 Rdf8 37. Nf3 Rf6 38. R1e3 cxd4 39. cxd4 R8f7
40. Rc3 Bb7 41. Re2 b5 42. Rc5 Rg6 43. Ne5 Rgf6 44. Nxf7 Rxf7 45. Rxe6 Rd7 46.
Rb6 Re7 47. Rcxb5 Bc8 48. Rxa5 Be6 49. Rab5 Kf7 50. Rb7 {Black resigns} 1-0

[Event "Team 45 45 League T65"]
[Site "Internet Chess Club"]
[Date "2015.07.11"]
[Round "6"]
[White "Portola"]
[Black "kabindra"]
[Result "0-1"]
[WhiteElo "1782"]
[BlackElo "1799"]
[Opening "Queen's pawn game"]
[ECO "D00"]
[Time "15:00:39"]
[TimeControl "2700+45"]

1. d4 d5 2. c3 Nf6 3. Nf3 Nc6 4. Bg5 Ne4 5. Bh4 Bf5 6. e3 Qd7 7. Bb5 f6 8. Nbd2
g5 9. Bg3 h5 10. h3 Nxg3 11. fxg3 Qd6 12. Kf2 h4 13. g4 Qg3+ 14. Kf1 Bd7 15. Qe1
Qd6 16. Bd3 O-O-O 17. a3 e5 18. dxe5 fxe5 19. e4 Be7 20. exd5 Qxd5 21. Bc4 Qd6
22. Ne4 Qg6 23. Rd1 Rhf8 24. Kg1 Rf4 25. Bd3 Qg7 26. b4 Rdf8 27. Qe2 Nd8 28. Kh2
Ne6 29. Bc4 Qg6 30. Bd3 Qg7 31. Rhf1 Bc6 32. Ned2 R4f6 33. Bf5 Kb8 34. Bxe6 Rxe6
35. Ne4 Qg6 36. Nfd2 Rf4 37. Nc5 Bxc5 38. bxc5 a6 39. Nf3 Bb5 40. Rd8+ Ka7 41.
Qe3 Bxf1 42. c6+ b6 43. Nxe5 Qf6 44. Qd2 Qxe5 45. Kh1 Bb5 46. Ra8+ Kxa8 47. Qd8+
Ka7 {White resigns} 0-1

[Event "Team 45 45 League T65"]
[Site "Internet Chess Club"]
[Date "2015.07.10"]
[Round "6"]
[White "QuieroAprender"]
[Black "rubo"]
[Result "1-0"]
[WhiteElo "1617"]
[BlackElo "1660"]
[Opening "Caro-Kann: exchange variation"]
[ECO "B13"]
[Time "20:10:57"]
[TimeControl "2700+45"]

1. e4 c6 2. d4 d5 3. exd5 cxd5 4. Bf4 e6 5. Nc3 Bd6 6. Bb5+ Nc6 7. Qg4 Bxf4 8.
Qxf4 Nf6 9. Nf3 O-O 10. Bxc6 bxc6 11. Ne5 Qb6 12. b3 Qb4 13. Qd2 Bb7 14. a3 Qd6
15. f3 c5 16. Nb5 Qb6 17. a4 Ba6 18. dxc5 Qxc5 19. Nd3 Qb6 20. Qf2 Bxb5 21. axb5
d4 22. Ra4 Rfd8 23. O-O Qxb5 24. Rxd4 Qb6 25. Rxd8+ Rxd8 26. Ra1 Qxf2+ 27. Kxf2
Rd7 28. Ke2 Nd5 29. c4 Nb6 30. c5 Nd5 31. b4 g6 32. Ra5 f6 33. c6 Rc7 34. b5 Kf7
35. Kd2 Nb6 36. Kc3 Nd5+ 37. Kc4 Ke7 38. Kc5 h5 39. g3 g5 40. f4 gxf4 41. Nxf4
Nxf4 42. gxf4 f5 43. b6 axb6+ 44. Kxb6 Kd6 45. Rc5 h4 46. h3 Rc8 47. c7 Kd7 48.
Kb7 {Black resigns} 1-0

[Event "Team 45 45 League T65"]
[Site "Internet Chess Club"]
[Date "2015.07.11"]
[Round "6"]
[White "otherook"]
[Black "Skeptic1972"]
[Result "1/2-1/2"]
[WhiteElo "1725"]
[BlackElo "1578"]
[Opening "English opening"]
[ECO "A20"]
[Time "14:00:37"]
[TimeControl "2700+45"]

1. c4 e5 2. g3 Nf6 3. Bg2 c6 4. d4 exd4 5. Qxd4 d5 6. Nf3 Be7 7. O-O O-O 8. cxd5
Qxd5 9. Nc3 Qxd4 10. Nxd4 Nbd7 11. b3 Nb6 12. Bb2 Nfd5 13. Nxd5 Nxd5 14. a3 Bd7
15. b4 Nf6 16. Nb3 Rab8 17. Nc5 Rfd8 18. Be5 Ra8 19. Nxb7 Re8 20. Bd4 Reb8 21.
Nc5 Bxc5 22. Bxc5 a5 23. e3 Nd5 24. Bxd5 cxd5 25. Rac1 axb4 26. Bxb4 Rc8 27.
Rcd1 Be6 28. Rd2 h5 29. h4 g6 30. Kg2 Rc4 31. Rfd1 Kg7 32. Rd4 Rxd4 33. Rxd4 Kf6
34. a4 Ke5 35. a5 Ra6 36. Kf1 Rc6 37. Ke1 Rc4 38. a6 Bc8 39. a7 Bb7 40. f4+ Kf5
41. Kf2 Rxd4 42. exd4 Ke4 43. Bc5 f5 44. Bb6 Kd3 45. Kf3 Bc6 46. Bc5 Bb7 47. Bb6
Bc6 48. Bc5 Bb7 49. Bb6 {Game drawn by repetition} 1/2-1/2

[Event "Team 45 45 League T65"]
[Site "Internet Chess Club"]
[Date "2015.07.11"]
[Round "6"]
[White "Insan996"]
[Black "Lrn2Mate"]
[Result "1-0"]
[WhiteElo "1612"]
[BlackElo "1609"]
[Opening "King's Indian: East Indian defense"]
[ECO "A48"]
[Time "13:03:36"]
[TimeControl "2700+45"]

1. d4 Nf6 2. Nf3 g6 3. e3 Bg7 4. Be2 O-O 5. b3 d6 6. Bb2 Nbd7 7. O-O e5 8. dxe5
Ng4 9. c4 Ngxe5 10. Nxe5 Nxe5 11. Nc3 Be6 12. Qd2 f5 13. Rad1 Qe7 14. Nd5 Qf7
15. Nf4 Rad8 16. Nxe6 Qxe6 17. Ba3 Kh8 18. Qd5 Qxd5 19. Rxd5 Rf7 20. Rfd1 Ng4
21. Bf3 b6 22. R5d2 Nf6 23. Bc6 Ne4 24. Bxe4 fxe4 25. c5 bxc5 26. Bxc5 a6 27.
Bd4 Rfd7 28. Rc1 c5 29. Bxg7+ Kxg7 30. Rc4 Kf6 31. Rxe4 d5 32. Ra4 Rd6 33. Kf1
Ke5 34. Ke2 h5 35. f3 g5 36. Ra5 Rc8 37. Rc2 Rdc6 38. Rd2 h4 39. Ra4 R8c7 40.
f4+ gxf4 41. exf4+ Ke6 42. Kf3 d4 43. Re2+ Kf6 44. Kg4 d3 45. Rd2 Rd6 46. Kxh4
Re7 47. Kg3 Kf5 48. Kf3 Ree6 49. g4+ Kg6 {Black resigns} 1-0

[Event "Team 45 45 League T65"]
[Site "Internet Chess Club"]
[Date "2015.07.11"]
[Round "6"]
[White "parrot9"]
[Black "fireball"]
[Result "1-0"]
[WhiteElo "1582"]
[BlackElo "1581"]
[Opening "French: Tarrasch, closed variation"]
[ECO "C05"]
[Time "12:01:44"]
[TimeControl "2700+45"]

1. e4 e6 2. d4 d5 3. Nd2 Nf6 4. e5 Nfd7 5. Bd3 c5 6. c3 Nc6 7. Ndf3 cxd4 8. cxd4
f6 9. exf6 Nxf6 10. Ne2 Bd6 11. O-O O-O 12. Ng3 e5 13. dxe5 Nxe5 14. Nxe5 Bxe5
15. Re1 Qc7 16. Be3 Bxb2 17. Rb1 Be5 18. Qa4 Bxg3 19. hxg3 Bg4 20. Rec1 Qf7 21.
Bf4 b6 22. Rc7 Qe8 23. Qb4 Rf7 24. Re1 Qd8 25. Ree7 Rxe7 26. Rxe7 Bd7 27. Bg5
Be8 28. Bxf6 gxf6 29. Bxh7+ Kh8 30. Bf5 Bh5 31. Rh7+ Kg8 32. Rxh5 Qc7 33. Be6+
Kg7 34. Qg4+ Kf8 35. Rh8+ Ke7 36. Rh7+ {Black resigns} 1-0

[Event "Team 45 45 League T65"]
[Site "Internet Chess Club"]
[Date "2015.07.13"]
[Round "6"]
[White "hudson"]
[Black "qingjoshua"]
[Result "1-0"]
[WhiteElo "1675"]
[BlackElo "1679"]
[Opening "Evans gambit"]
[ECO "C51"]
[Time "23:00:27"]
[TimeControl "2700+45"]

1. e4 e5 2. Bc4 Bc5 3. Nf3 Nc6 4. b4 Bxb4 5. c3 Bc5 6. O-O Nf6 7. d4 Bd6 8. Be3
O-O 9. dxe5 Nxe5 10. Nxe5 Bxe5 11. f4 Bxf4 12. Rxf4 Re8 13. Qf3 d6 14. Bd4 Be6
15. Bxf6 gxf6 16. Bxe6 Rxe6 17. Nd2 Kf8 18. Rf1 Kg7 19. Qg4+ Kf8 20. Qh4 Ke7 21.
Rxf6 Rxf6 22. Qxf6+ Kd7 23. Qxf7+ Kc6 24. Nf3 b5 25. Nd4+ Kb6 26. Rb1 a6 27. a4
c5 28. a5+ Kxa5 29. Nc6+ Kb6 30. Nxd8 Rxd8 31. Qe7 Rc8 32. Qxd6+ Rc6 33. Qb8+
Ka5 34. Ra1# {Black checkmated} 1-0

[Event "Team 45 45 League T65"]
[Site "Internet Chess Club"]
[Date "2015.07.11"]
[Round "6"]
[White "ahxm"]
[Black "skuhl99"]
[Result "0-1"]
[WhiteElo "1334"]
[BlackElo "1457"]
[Opening "Pirc: classical (two knights) system"]
[ECO "B08"]
[Time "12:00:52"]
[TimeControl "2700+45"]

1. e4 d6 2. d4 Nf6 3. Nc3 g6 4. Nf3 Bg7 5. Bc4 O-O 6. O-O a6 7. Be3 b5 8. Bb3 b4
9. Nd5 Nxe4 10. Nxb4 Nf6 11. Qd2 Ng4 12. h3 Nxe3 13. Qxe3 Bb7 14. c3 e6 15. Qg5
Qxg5 16. Nxg5 h6 17. Nf3 a5 18. Nd3 Ba6 19. Rad1 c5 20. Rfe1 c4 21. Nc1 cxb3 22.
Nxb3 Bb7 23. Nfd2 a4 24. Nc1 Rc8 25. Nf3 a3 26. b3 Rxc3 27. Rd3 Rxd3 28. Nxd3
Bxf3 29. gxf3 Bxd4 30. Rc1 Nd7 31. Rc7 Ne5 32. Nxe5 Bxe5 33. Kf1 d5 34. Rb7 Rb8
35. Ra7 Bb2 36. Ke2 Rb4 37. Ra4 Rb5 38. Ra8+ Kg7 39. Kf1 Kf6 40. Ke2 Kf5 41. Ra7
f6 42. Kf1 d4 43. Rd7 e5 44. Kg2 Ke6 45. Rg7 g5 46. Rh7 d3 47. Kf1 d2 48. Ke2
Rd5 49. Kd1 Bc1 50. Rxh6 Rd3 51. Rh7 Rxf3 52. Ke2 Rxf2+ 53. Kd1 Rf1+ 54. Kc2
d1=Q+ 55. Kc3 Qd4+ 56. Kc2 Qd2+ 57. Kb1 Qb2# {White checkmated} 0-1

[Event "Team 45 45 League T65"]
[Site "Internet Chess Club"]
[Date "2015.07.12"]
[Round "6"]
[White "OhmX"]
[Black "bhxm"]
[Result "1-0"]
[WhiteElo "1426"]
[BlackElo "1381"]
[Opening "Scotch opening"]
[ECO "C44"]
[Time "16:02:37"]
[TimeControl "2700+45"]

1. e4 e5 2. Nf3 Nc6 3. d4 d6 4. dxe5 dxe5 5. Qxd8+ Nxd8 6. Nxe5 Nf6 7. Nc3 Bd6
8. Nf3 O-O 9. e5 Re8 10. Bf4 Nc6 11. Bb5 Bf5 12. Bxc6 bxc6 13. O-O Nh5 14. exd6
Nxf4 15. dxc7 Re7 16. Nd4 Bg6 17. Nxc6 Rxc7 18. Nd4 Rb7 19. b3 Rc8 20. Rfe1 h6
21. Re3 Rbc7 22. Ne4 Re8 23. f3 Nd5 24. Ree1 Nb4 25. c4 Nd3 26. Nb5 Rce7 27.
Nbd6 Rd8 28. Re3 Bxe4 29. Nxe4 Rde8 30. Rxd3 f5 31. Nd6 Rd8 32. Nxf5 Rxd3 33.
Nxe7+ Kh7 34. Nc6 Rd7 35. Re1 Rc7 36. Nb4 Rb7 37. a3 a5 38. Nc6 Rxb3 39. Nxa5
Rxa3 40. Nc6 Ra7 41. Nxa7 Kg8 42. Rc1 Kh8 43. c5 Kg8 44. c6 Kf8 45. c7 Ke8 46.
c8=Q+ Kf7 47. Rc7+ Kg6 48. Qa6+ Kh7 49. Qxh6+ Kg8 50. Qxg7# {Black checkmated}
1-0

[Event "Team 45 45 League T65"]
[Site "Internet Chess Club"]
[Date "2015.07.12"]
[Round "6"]
[White "Chesslov"]
[Black "Packerfan"]
[Result "0-1"]
[WhiteElo "1487"]
[BlackElo "1644"]
[Opening "Giuoco Piano"]
[ECO "C50"]
[Time "14:30:20"]
[TimeControl "2700+45"]

1. e4 e5 2. Nf3 Nc6 3. Bc4 Bc5 4. O-O Nf6 5. d3 h6 6. Be3 Bxe3 7. fxe3 d6 8. Nc3
O-O 9. d4 Bg4 10. h3 Bh5 11. d5 Na5 12. Be2 b6 13. b4 Nb7 14. Bb5 Bg6 15. Bc6
Rb8 16. Qd3 Qe7 17. Qa6 Nd8 18. Nh4 Bxe4 19. Nxe4 Nxe4 20. Nf5 Qg5 21. Qxa7 Nxc6
22. dxc6 Rbc8 23. h4 Qf6 24. a4 d5 25. a5 bxa5 26. bxa5 Nd6 27. Ng3 Qxh4 28. Ne2
Qc4 29. Rfe1 Qxc6 30. e4 Nxe4 31. a6 Ra8 32. Qe3 Rxa6 33. Ng3 Rxa1 34. Rxa1 Nxg3
35. Qxg3 e4 36. Qe3 Qb6 37. Qd4 Qxd4+ {White resigns} 0-1

[Event "Team 45 45 League T65"]
[Site "Internet Chess Club"]
[Date "2015.07.11"]
[Round "6"]
[White "clarinetref"]
[Black "hondocando"]
[Result "0-1"]
[WhiteElo "1611"]
[BlackElo "1640"]
[Opening "Nimzo-Indian: Leningrad variation"]
[ECO "E30"]
[Time "21:01:43"]
[TimeControl "2700+45"]

1. d4 Nf6 2. c4 e6 3. Nc3 Bb4 4. Bg5 h6 5. Bh4 c5 6. a3 Bxc3+ 7. bxc3 Qa5 8. Qb3
cxd4 9. Bxf6 gxf6 10. Rc1 dxc3 11. Rxc3 Nc6 12. Nf3 b6 13. g3 Bb7 14. Bg2 Nd4
15. Qb2 Nxf3+ 16. Bxf3 Bxf3 17. exf3 Rc8 18. O-O Rc5 19. Rd3 Ke7 20. Rfd1 Rd8
21. Rd4 Qa4 22. Qb4 Qc6 23. R1d3 a5 24. Qd2 d6 25. Rh4 Rxc4 26. Rxh6 Qc5 27. Qb2
Qg5 28. Rh3 Qc1+ 29. Qxc1 Rxc1+ 30. Kg2 Rdc8 31. Rb3 R8c6 32. Rh5 d5 33. Rh8 Ra1
34. Rb8 Ra2 35. Rb7+ Kf8 36. f4 f5 37. h4 Rcc2 38. Rf3 Rab2 39. h5 Kg7 40. Kh3
Rxf2 41. Rxf2 Rxf2 42. Rxb6 Kh6 43. Ra6 Kxh5 44. Rxa5 Rb2 45. Ra7 Kg6 46. a4 d4
47. a5 d3 48. a6 d2 49. Rd7 Ra2 50. a7 d1=Q 51. Rxd1 Rxa7 52. Rd2 Ra8 53. Kg2
Kh5 54. Rd7 Rf8 55. Kf3 Kg6 56. g4 fxg4+ 57. Kxg4 Kf6 58. Ra7 Rd8 59. Ra5 Rd5
60. Ra2 Rd1 61. Rh2 Rg1+ 62. Kf3 Kf5 63. Rh5+ Kg6 64. Rh2 f5 65. Kf2 Ra1 66.
Rg2+ Kf6 67. Ke3 Ra3+ 68. Kd4 Ra4+ 69. Ke3 Ke7 70. Rg7+ Kf6 71. Rg8 Kf7 72. Rc8
Re4+ 73. Kf3 Re1 74. Rc7+ Ke8 75. Kf2 Re4 76. Kf3 Rd4 77. Ke3 Rd7 78. Rc6 Kf7
79. Rc8 Re7 80. Rc5 Kf6 81. Re5 Ra7 82. Kd4 Ra4+ 83. Ke3 Ra3+ 84. Kd4 Rb3 85.
Re1 Rf3 86. Rh1 Rxf4+ 87. Ke3 Re4+ 88. Kf3 Kg5 89. Rg1+ Rg4 90. Re1 Kf6 91. Rh1
Ra4 92. Rh6+ Ke5 93. Rh5 Ra3+ 94. Ke2 Ke4 95. Rh4+ f4 96. Rh6 Ra2+ 97. Kd1 e5
98. Rh8 f3 99. Rh4+ Ke3 100. Rb4 f2 101. Rb3+ Kf4 {White resigns} 0-1